cohdb
Replays
Latest Replays
All Replays
Popular Replays
Top Player Replays
Match Explorer
How It Works
Community
CoH3 Stats
Reddit
Sign in to upload your games and track your stats! →
Sign in with Steam
Match 42596029
Unlisted
Match 42596029
Overview
Messages
Build Orders
End
250 Light Carrier
Selects Italian Combined Arms Battlegroup
Selects Bersaglieri Squad
Panzergrenadier Squad
Panzergrenadier Squad
Construct Light Support Kompanie
Construct Mechanized Kompanie
Selects Vehicle Support - Secure Location
Support Armor Elements
Selects Vehicle Support - Force Recon
Vehicle Survival Package
Panzerjäger Mechanized Group
StuG III D Assault Gun
Emergency Repair Kits
254 Reconnaissance Tractor
Tungsten Core Ammunition
Marder III Tank Destroyer
Marder III Tank Destroyer
StuG III D Assault Gun
arthur_wangtz
Valar[M]orgHulis
zidanehuang001
Miwl
撸管大神★海角之王【
mitchellvarian12
< blank >
xcpleo
0
0
Comments
sign in to comment!
No comments posted yet!